 Dungeon Crawl Stone Soup version 0.17-a0-1411-g06ff558 (webtiles) character file.

536 urechis the Cruncher (level 7, -7/40 HPs)
             Began as a Tengu Gladiator on June 23, 2015.
             Mangled by a wyvern zombie (10 damage)
             ... on level 4 of the Dungeon.
             The game lasted 00:06:11 (4514 turns).

urechis the Cruncher (Tengu Gladiator)              Turns: 4514, Time: 00:06:11

Health: -7/40      AC:  6    Str: 19    XL:     7   Next: 25%
Magic:  8/8        EV: 12    Int:  8    God:
Gold:   166        SH:  0    Dex: 16    Spells: 0 memorised, 6 levels left

rFire  . . .     SeeInvis .     a - +0 quarterstaff
rCold  . . .     Clarity  .     j - +0 ring mail
rNeg   . . .     SustAt   +     (no shield)
rPois  .         Gourm    .     c - +0 hat
rElec  .         Spirit   .     (no cloak)
rCorr  .         Warding  .     k - +0 pair of gloves
rMut   .         Stasis   .     (boots unavailable)
MR     .....                    (no amulet)
Stlth  +.........               x - +3 ring of strength
                                m - ring of sustain attributes

@: lethally poisoned (-7 -> -8), not resistant to hostile enchantments, very
unstealthy
A: beak, talons 3, able to fly 1
a: Fly


You were on level 4 of the Dungeon.
You were hungry.

You visited 1 branch of the dungeon, and saw 4 of its levels.

You collected 166 gold pieces.

Inventory:

Hand weapons
 a - a +0 quarterstaff (weapon)
 b - a +0 trident of venom
Missiles
 e - 3 throwing nets (quivered)
 B - 10 poisoned needles
Armour
 c - a +0 hat (worn)
 j - a +0 ring mail (worn)
 k - a +0 pair of gloves (worn)
Jewellery
 m - a ring of sustain attributes (left hand)
 x - a +3 ring of strength (right hand)
Magical devices
 v - a wand of flame (27)
Scrolls
 f - 3 scrolls of random uselessness {unknown}
 h - 3 scrolls of identify {unknown}
 i - 3 scrolls of remove curse {unknown}
 o - a scroll of teleportation {unknown}
 p - a scroll of enchant weapon {unknown}
 q - a scroll of recharging {unknown}
 r - a scroll of enchant armour {unknown}
 s - a scroll of blinking {unknown}
 y - 2 scrolls of amnesia {unknown}
Potions
 g - a potion of curing {unknown}
 n - a potion of magic {unknown}
 t - a potion of haste {unknown}
 u - a potion of brilliance {unknown}
 w - a potion of flight {unknown}
 z - a potion of heal wounds {unknown}
Comestibles
 d - 2 bread rations
 l - a slice of pizza
 A - a chunk of flesh


   Skills:
 - Level 2.0 Fighting
 + Level 8.9 Staves
 - Level 2.1 Throwing
 - Level 3.2 Dodging


You had 6 spell levels left.
You didn't know any spells.

Dungeon Overview and Level Annotations

Branches:
Dungeon (4/15)
 Temple: D:4-7

Altars:


Innate Abilities, Weirdness & Mutations

You have a beak for a mouth.
You have claws for feet.
You can fly.


Message History

You claw the wyvern zombie, but do no damage.
The wyvern zombie closely misses you.
You hit the wyvern zombie. Your kick misses the wyvern zombie.
The wyvern zombie closely misses you.
You barely miss the wyvern zombie. You claw the wyvern zombie.
You peck the wyvern zombie.
You feel sick. The wyvern zombie barely misses you.
You hit the wyvern zombie. The wyvern zombie closely misses you.
You hit the wyvern zombie.
You claw the wyvern zombie, but do no damage.
You peck the wyvern zombie. The wyvern zombie bites you!
* * * LOW HITPOINT WARNING * * *
The wyvern zombie bites you but does no damage.
You are too injured to fight recklessly!
You hit the wyvern zombie. You claw the wyvern zombie.
The wyvern zombie bites you!
* * * LOW HITPOINT WARNING * * *
You sock the wyvern zombie! You claw the wyvern zombie.
You are feeling hungry.
You feel sick. The wyvern zombie bites you!
You die...

#. ##.#g.....## #....
#.#..##..o......##
#..<........#..Z.......#
#..... #......###...#..
.
#...........##.....####.
..
....###...##..##...##.
... ............####....
.... #..Z.......# #####
.....###.@........# #
.........)........# #
...#..$<..........
###.).........#
##..........# #.........
####!..### ##o# .#


You could see an orc (wandering) and a wyvern zombie.

Vanquished Creatures
  An ogre (D:3)
  The ghost of urechis the Twirler, an average TeGl (D:4)
  A scorpion (D:4)
  2 orc wizards
  A giant frog skeleton (D:4)
  A hound (D:4)
  Natasha (thrice) (D:3)
  2 worker ants
  5 adders
  An ooze (D:3)
  3 worms
  9 orcs
  13 bats
  2 giant cockroaches
  6 hobgoblins
  9 jackals
  6 kobolds
  2 quokkas
  A ball python (D:1)
  3 giant newts
  3 goblins
  A quokka skeleton (D:4)
  7 rats
83 creatures vanquished.

Notes
Turn   | Place    | Note
--------------------------------------------------------------
     0 | D:1      | urechis the Tengu Gladiator began the quest for the Orb.
     0 | D:1      | Reached XP level 1. HP: 12/12 MP: 2/2
   264 | D:1      | Reached XP level 2. HP: 12/17 MP: 3/3
   302 | D:1      | Reached skill level 4 in Staves
   781 | D:2      | Reached XP level 3. HP: 21/21 MP: 4/4
  1612 | D:3      | Reached skill level 5 in Staves
  1676 | D:3      | Reached XP level 4. HP: 17/26 MP: 5/5
  2028 | D:3      | Noticed Natasha
  2036 | D:3      | Killed Natasha
  2036 | D:3      | Reached skill level 6 in Staves
  2036 | D:3      | Gained mutation: You can fly. [Tengu growth]
  2036 | D:3      | Reached XP level 5. HP: 30/30 MP: 6/6
  2624 | D:3      | Noticed Natasha
  2627 | D:3      | Killed Natasha
  3461 | D:3      | Noticed Natasha
  3465 | D:3      | Killed Natasha
  3719 | D:4      | Noticed urechis's ghost (average TeGl)
  3730 | D:4      | Killed urechis's ghost
  3730 | D:4      | Reached skill level 7 in Staves
  3730 | D:4      | Reached XP level 6. HP: 33/35 MP: 3/7
  4036 | D:4      | Reached skill level 8 in Staves
  4158 | D:3      | Reached XP level 7. HP: 16/40 MP: 8/8
  4514 | D:4      | Mangled by a wyvern zombie

Vault maps used:
D:1:      dpeg_arrival_tiny_a, minivault_19, minmay_misc_feat_nine_boxes,
          st_stairs_7
D:3:      uniq_natasha
D:4:      temple_doors_a

Action                   |  1- 3 |  4- 6 |  7- 9 || total
-------------------------+-------+-------+-------++-------
Melee: Quarterstaff      |    93 |   107 |    43 ||   243
 Abil: Fly               |       |     1 |       ||     1
  Eat: Chunk             |     2 |     5 |     2 ||     9
       Royal jelly       |       |     1 |       ||     1
